Map: Opérations galactiques EC

Players

vova - Winner!

  • Race: Zerg Zerg
  • League: Platinum
  • Spawn Location: 1:00

zidar

  • Race: Zerg Zerg
  • League: Platinum
  • Spawn Location: 7:00

VOD

Have the link to the VOD?

Description

Time

  • Played on: Oct. 7, 2016, 2:01 p.m.
  • Length: 7:58
Show
View Real Time Build Order
Export as new Build Order

vova Zerg - Winner!

Build Orders: Hatch First 

Get SALT Encoding   

  12  0:03  Drone  
  13  0:09  Drone  
  14  0:36  Hatchery  
  13  0:43  Drone  
  13  0:46  Overlord  
  14  0:55  Overlord  
  14  1:05  Drone  
  14  1:07  Drone  
  14  1:10  Extractor  
  15  1:21  Spawning Pool  
  15  1:25  Drone  
  15  1:33  Drone  
  16  1:42  Drone  
  17  1:48  Drone  
  17  1:51  Drone  
  19  2:07  Drone  
  20  2:09  Drone x2  
  20  2:15  Roach Warren  
  21  2:19  Lair  
  21  2:28  Spine Crawler  
  20  2:31  Drone  
  20  2:36  Extractor  
  20  2:37  Drone  
  20  2:42  Drone  
  20  2:43  Drone  
  23  2:46  Drone  
  24  2:56  Drone x2  
  26  3:04  Queen  
  28  3:07  Drone  
  28  3:09  Drone  
  30  3:15  Evolution Chamber  
  29  3:22  Tunneling Claws  
  29  3:29  Burrow  
  29  3:34  Roach  
  29  3:35  Roach  
  29  3:39  Roach  
  35  3:42  Drone  
  35  3:46  Overlord  
  36  4:20  Roach x3  
  36  4:21  Roach x2  
  34  4:37  Roach x2  
  34  4:38  Roach x3  
  40  4:49  Drone  
  41  4:55  Roach  
  41  4:58  Zerg Missile Weapons Level 1  
  43  5:02  Drone  
  43  5:05  Overlord x2  
  44  5:18  Roach x8  
  44  5:40  Roach x2  
  44  5:46  Roach x4  
  44  5:47  Roach x3  
  53  6:11  Drone  
  53  6:12  Drone  
  55  6:30  Roach x17  
  55  6:38  Glial Reconstitution  
  55  6:40  Roach x9  
  55  6:51  Roach x10  
  45  7:06  Roach x6  
  45  7:07  Roach  
  59  7:28  Roach x17  
Show
View Real Time Build Order
Export as new Build Order

zidar Zerg 

Build Orders: Pool First, Zergling Baneling 

Get SALT Encoding   

  12  0:02  Drone  
  13  0:14  Overlord  
  13  0:18  Drone  
  14  0:32  Drone x2  
  16  0:45  Spawning Pool  
  16  0:50  Spawning Pool  
  16  0:52  Drone  
  16  1:16  Hatchery  
  16  1:18  Drone  
  16  1:22  Extractor  
  16  1:24  Drone  
  16  1:39  Queen  
  18  1:40  Drone  
  19  1:57  Drone  
  20  2:04  Overlord  
  20  2:05  Drone  
  20  2:14  Drone  
  21  2:21  Queen, Metabolic Boost  
  23  2:28  Drone x2  
  25  2:43  Baneling Nest  
  24  2:44  Drone x2  
  24  2:47  Drone  
  24  2:49  Drone  
  28  2:54  Overlord  
  28  3:09  Zergling x2  
  28  3:10  Zergling x6  
  32  3:16  Drone x2  
  34  3:31  Zergling x10  
  39  3:45  Zergling x6  
  42  4:06  Baneling  
  42  4:07  Baneling x7  
  36  4:36  Zergling x2  
  36  4:37  Zergling x16  
  41  4:50  Zergling x10  
  44  5:02  Overlord  
  44  5:03  Overlord  
  44  5:23  Zergling x2  
  44  5:24  Zergling x6  
  37  6:00  Zergling x24  
  47  6:06  Zergling x2  
  44  6:13  Roach Warren  
  42  6:19  Zergling x4  
  42  6:22  Zergling x4  
  42  6:23  Zergling x2  
  47  6:32  Zergling x8  
  51  6:36  Baneling x6  
  51  6:37  Baneling x5  
  41  7:04  Roach  
  41  7:05  Roach x8  
  55  7:20  Baneling  
  55  7:21  Baneling  
  42  7:38  Roach x2  
Tags
 
Add a new tag
Caveats
  • Supply blocks, unpowered buildings, or Contaminate may cause inaccurate times.
  • Supply counts are checked every 10 seconds.